 Dungeon Crawl Stone Soup version 0.22-a0-567-gff9aefc (webtiles) character file.

3597 Hebeh the Cleaver (level 9, 0/82 HPs)
             Began as a Minotaur Fighter on June 29, 2018.
             Was a Priest of Trog.
             Slain by a hell hound (2 damage)
             ... on level 8 of the Dungeon.
             The game lasted 00:22:22 (7000 turns).

Hebeh the Cleaver (Minotaur Fighter)                Turns: 7000, Time: 00:22:23

Health: 0/82       AC: 17    Str: 23    XL:     9   Next: 85%
Magic:  8/8        EV:  5    Int:  5    God:    Trog [***...]
Gold:   384        SH: 11    Dex: 11    Spells: 8/8 levels left

rFire    . . .     SeeInvis .   a - +3 war axe (chop)
rCold    + . .     Gourm    .   c - +0 shield
rNeg     . . .     Faith    .   y - +2 plate armour {rC+}
rPois    +         Spirit   .   o - +2 hat
rElec    .         Reflect  .   (no cloak)
rCorr    .         Harm     .   (no gloves)
MR       .....                  (no boots)
Stlth    ..........             (no amulet)
HPRegen  0.23/turn              m - ring of stealth
MPRegen  0.11/turn              h - ring of poison resistance

@: lethally poisoned (0 -> -6), slowed, very slow
A: retaliatory headbutt, horns 2
a: Berserk, Trog's Hand, Renounce Religion


You were on level 8 of the Dungeon.
You worshipped Trog.
Trog was most pleased with you.
You were hungry.

You visited 1 branch of the dungeon, and saw 9 of its levels.
You also visited: Sewer.

You collected 384 gold pieces.

Inventory:

Hand Weapons
 a - a +3 war axe of chopping (weapon)
Missiles
 e - 2 javelins (quivered)
Armour
 c - a +0 shield (worn)
 o - a +2 hat (worn)
 y - a +2 plate armour of cold resistance (worn)
Jewellery
 h - a ring of poison resistance (right hand)
 m - a ring of stealth (left hand)
 z - an uncursed ring of resist corrosion {unknown}
 E - a +1 ring of evasion {unknown}
Wands
 l - a wand of scattershot (4)
 A - a wand of acid (9)
 C - a wand of paralysis (11)
 F - a wand of iceblast (11)
Scrolls
 g - 3 scrolls of magic mapping
 i - 2 scrolls of remove curse
 j - 8 scrolls of identify
 n - 2 scrolls of immolation
 q - 2 scrolls of enchant weapon
 B - a scroll of fear {unknown}
 D - a scroll of brand weapon
 G - a scroll of enchant armour {unknown}
Potions
 b - 2 potions of magic {unknown}
 d - 3 potions of might
 k - 4 potions of heal wounds {unknown}
 p - 2 potions of agility {unknown}
 r - 2 potions of cancellation {unknown}
 s - a potion of resistance {unknown}
 t - a potion of degeneration {unknown}
 u - a potion of flight {unknown}
 v - 2 potions of curing {unknown}
 w - a potion of ambrosia {unknown}
 x - 2 potions of brilliance {unknown}
Comestibles
 f - 17 rations
 H - a chunk of flesh


   Skills:
 + Level 8.4 Fighting
 * Level 10.9 Axes
 + Level 8.5 Armour
 + Level 8.3 Shields


You had 8 spell levels left.
You didn't know any spells.
Your spell library was empty.

Dungeon Overview and Level Annotations

Branches:
Dungeon (9/15)             Temple (0/1) D:4
   Lair: D:8-11         Orc: D:9-12

Altars:
Dithmenos
Fedhas
Gozag
Makhleb
Nemelex Xobeh
Okawaru
Qazlal
Ru
Trog
Uskayaw
Beogh

Shops:
D:4 =


Innate Abilities, Weirdness & Mutations

You reflexively headbutt those who attack you in melee.
You have a pair of horns on your head.


Message History

Things that are here:
a flail; 2 tomahawks; an orc corpse The hell hound bites you!
* * * LOW HITPOINT WARNING * * *
The water moccasin bites you.
* * * LOW HITPOINT WARNING * * *
You are poisoned.
The water moccasin poisons you! The hell hound closely misses you.
The water moccasin bites you.
* * * LOW HITPOINT WARNING * * *
You climb upwards.
* * * LOW HITPOINT WARNING * * *
You feel very sick.
There is a stone staircase leading down here.
You can't go up here!
* * * LOW HITPOINT WARNING * * *
You feel sick. The hell hound bites you.
* * * LOW HITPOINT WARNING * * *
The water moccasin barely misses you. The hell hound bites you.
You die...

#.###.....#######.
###'##........######
#.............#.....
#.............#..###
####.............#..###
#...##+##......).'.....
#...##.##........#.####
#....รท.##........#.####
#....h@+..............#
#....S.###########.##..
#......#...# ####.....
#......#.#.# #....#...
#...####.#.# #....#...
#.....##.#.# #....#...
###...##.#.# ##....#...
######...##.#.#
#......###
#........##.#.# #......#


You could see a water moccasin and a hell hound.

Vanquished Creatures
  Erica (D:9)
  Psyche (D:8)
  A wyvern (D:8)
  The ghost of tstbtto the Chopper, an amateur DsBe of Trog (D:3)
  Menkaure (D:5)
  Purgy (Sewer)
  2 ogres
  A phantom (D:8)
  3 centaurs
  3 bullfrogs
  A gnoll sergeant (D:7)
  A wyvern skeleton (D:6)
  A scorpion (D:5)
  A water moccasin skeleton (D:6)
  5 wights (D:7)
  5 crimson imps
  2 jellies
  2 bullfrog skeletons
  3 hounds
  4 orc wizards
  A centaur skeleton (D:8)
  An iguana (D:5)
  7 worker ants
  A hound zombie (D:6)
  Robin (D:3)
  4 gnolls (D:7)
  10 adders
  A shadow imp (D:8)
  An adder zombie (D:7)
  An adder skeleton (D:4)
  3 worms
  A dart slug (D:2)
  4 leopard geckos
  24 orcs
  8 giant cockroaches
  12 goblins
  16 hobgoblins
  14 jackals
  A quokka (D:6)
  A ball python (D:5)
  7 bats
  5 frilled lizards
  13 kobolds
  A leopard gecko skeleton (D:4)
  2 quokka skeletons
  A quokka zombie (D:5)
  8 rats
189 creatures vanquished.

Vanquished Creatures (others)
  An orc (D:9)
1 creature vanquished.

Grand Total: 190 creatures vanquished

Notes
Turn   | Place    | Note
-------+----------+-------------------------------------------
     0 | D:1      | Hebeh the Minotaur Fighter began the quest for the Orb.
     0 | D:1      | Reached XP level 1. HP: 19/19 MP: 0/0
   261 | D:1      | Reached XP level 2. HP: 27/27 MP: 1/1
   303 | D:1      | Reached skill level 3 in Axes
   934 | D:1      | Reached XP level 3. HP: 30/33 MP: 2/2
  1492 | D:2      | Found an iron altar of Okawaru.
  1555 | D:2      | Reached XP level 4. HP: 39/40 MP: 3/3
  1851 | D:3      | Found a stormy altar of Qazlal.
  1859 | D:3      | Found a blossoming altar of Fedhas.
  1899 | D:3      | Found a bloodstained altar of Trog.
  1903 | D:3      | Became a worshipper of Trog the Wrathful
  1950 | D:3      | Reached skill level 4 in Axes
  2077 | D:3      | Found a glowing drain.
  2081 | Sewer    | Entered a sewer
  2143 | Sewer    | Noticed Purgy
  2154 | Sewer    | Killed Purgy
  2154 | Sewer    | Reached XP level 5. HP: 37/47 MP: 4/4
  2308 | D:3      | Noticed Robin
  2325 | D:3      | Reached skill level 5 in Axes
  2329 | D:3      | Killed Robin
  2385 | D:3      | Found a runed gate.
  2385 | D:3      | Noticed tstbtto's ghost (amateur DsBe)
  2509 | D:3      | Found a runed gate.
  2510 | D:3      | Found a roughly hewn altar of Beogh.
  2510 | D:3      | Found a runed gate.
  2676 | D:3      | Killed tstbtto's ghost
  2676 | D:3      | Reached * piety under Trog
  2676 | D:3      | Reached skill level 5 in Fighting
  2676 | D:3      | Reached skill level 5 in Armour
  2676 | D:3      | Reached skill level 5 in Shields
  2676 | D:3      | Reached XP level 6. HP: 48/56 MP: 5/5
  2762 | D:4      | Found a hide-covered altar of Uskayaw.
  2832 | D:4      | Found Ygiaraj's Jewellery Shoppe.
  2941 | D:4      | Found a staircase to the Ecumenical Temple.
  2966 | D:4      | Found a stormy altar of Qazlal.
  3035 | D:4      | Found a sparkling altar of Nemelex Xobeh.
  3036 | D:4      | Found an opulent altar of Gozag.
  3263 | D:5      | Entered Level 5 of the Dungeon
  3330 | D:5      | Reached skill level 6 in Axes
  3425 | D:5      | Reached XP level 7. HP: 61/61 MP: 6/6
  3538 | D:5      | Found a shadowy altar of Dithmenos.
  3569 | D:5      | Noticed Menkaure
  3575 | D:5      | Killed Menkaure
  4143 | D:5      | Reached skill level 7 in Axes
  4297 | D:5      | Found a burning altar of Makhleb.
  4543 | D:6      | Reached ** piety under Trog
  4608 | D:6      | Reached XP level 8. HP: 64/70 MP: 7/7
  4975 | D:6      | Reached skill level 8 in Axes
  5399 | D:6      | You fall through a shaft for 3 floors!
  5456 | D:8      | Found a sacrificial altar of Ru.
  5978 | D:7      | Reached skill level 9 in Axes
  5992 | D:7      | Reached XP level 9. HP: 55/79 MP: 8/8
  6139 | D:7      | Reached *** piety under Trog
  6416 | D:8      | Noticed Psyche
  6422 | D:8      | Killed Psyche
  6537 | D:8      | Reached skill level 10 in Axes
  6955 | D:9      | Noticed Erica
  6973 | D:9      | Killed Erica
  7000 | D:8      | HP: 2/82 [hell hound (5)]
  7000 | D:8      | Slain by a hell hound

Vault maps used:
D:1:      dpeg_arrival_morbid_curiosity
D:2:      first_ration, okawaru_trees_1
D:3:      overflow_temple_1_default, grunt_temple_overflow_forces_of_nature,
          gup_sewer_entry_bowl, biasface_ghost_orc_armoury, uniq_robin
D:4:      grunt_temple_overflow_opulence, overflow_temple_1_default,
          minmay_temple_entry_trees, serial_shops, kennysheep_mini,
          grunt_qazlal_clouds
D:5:      grunt_dithmenos_smoke_and_mirrors, nicolae_overflow_crystal_walls,
          uniq_menkaure
D:7:      the_bakery
D:8:      lemuel_doored_altar, uniq_psyche
D:9:      lemuel_crystal_altar, lemuel_crystal_altar, minmay_lair_entry_lava,
          uniq_erica
Sewer:    sewer_the_crocodile

Skill      XL: |  1  2  3  4  5  6  7  8  9 |
---------------+----------------------------+-----
Axes           | 3 4 5 6 7 9 10 | 10.9
Fighting       | 4 5 6 7 8 |  8.4
Armour         | 4 5 6 7 8 |  8.5
Shields        | 4 5 6 7 8 |  8.3

Action                   |  1- 3 |  4- 6 |  7- 9 || total
-------------------------+-------+-------+-------++-------
Melee: War axe           |    92 |   151 |   210 ||   453
       Headbutt          |    11 |    31 |    38 ||    80
  Use: Scroll            |     6 |     6 |     2 ||    14
  Eat: Chunk             |     2 |     6 |     8 ||    16
       Ration            |       |       |     1 ||     1
Armor: Scale mail        |    35 |       |       ||    35
       Plate armour      |     8 |   108 |   116 ||   232
Dodge: Dodged            |    29 |    26 |    36 ||    91
Block: Shield            |    67 |   108 |   123 ||   298

Table legend:
 A = Spawn XP
 B = Non-spawn XP
 C = Spawn XP percentage of total XP
 D = Spawn monster count
 E = Non-spawn monster count
 F = Spawn count percentage of total count
 G = Total turns spent on level
                    A         B        C        D         E        F      G
               +---------+---------+-------+---------+---------+-------+---------
         Total |       0 |    5139 |   0.0 |       0 |     189 |   0.0 |  7000
               +---------+---------+-------+---------+---------+-------+---------
           D:1 |       0 |      50 |   0.0 |       0 |      32 |   0.0 |  1071
           D:2 |       0 |      51 |   0.0 |       0 |      17 |   0.0 |   730
           D:3 |       0 |     306 |   0.0 |       0 |      31 |   0.0 |   814
           D:4 |       0 |     126 |   0.0 |       0 |      19 |   0.0 |   528
           D:5 |       0 |     589 |   0.0 |       0 |      13 |   0.0 |  1204
           D:6 |       0 |     822 |   0.0 |       0 |      19 |   0.0 |   934
           D:7 |       0 |     642 |   0.0 |       0 |      22 |   0.0 |   847
           D:8 |       0 |    1118 |   0.0 |       0 |      18 |   0.0 |   677
           D:9 |       0 |    1288 |   0.0 |       0 |      12 |   0.0 |    75
         Sewer |       0 |     147 |   0.0 |       0 |       6 |   0.0 |   120
               +---------+---------+-------+---------+---------+-------+---------
